 Dungeon Crawl Stone Soup version 0.23.0 (webtiles) character file.

Game seed: 11452270303246527762

664 1994 the Ducker (level 7, -1/60 (61) HPs)
             Began as a White Draconian Chaos Knight on Feb 19, 2019.
             Was a Plaything of Xom.
             Engulfed by a guardian serpent (shapeshifter)'s foul pestilence (13 damage)
             ... on level 4 of the Dungeon.
             The game lasted 00:26:19 (3411 turns).

1994 the Ducker (White Draconian Chaos Knight)      Turns: 3411, Time: 00:26:19

HP:   -1/60 (61)    AC:  9    Str: 15    XL:     7   Next: 31%
MP:   7/7           EV: 14    Int: 12    God:    Xom [......]
Gold: 136           SH:  0    Dex: 12    Spells: 6/6 levels left

rFire    . . .     SeeInvis .   o - +0 morningstar
rCold    + . .     Gourm    .   (no shield)
rNeg     . . .     Faith    .   (armour unavailable)
rPois    .         Spirit   .   (helmet restricted)
rElec    .         Reflect  .   (no cloak)
rCorr    .         Harm     .   (no gloves)
MR       .....                  h - +2 pair of boots
Stlth    ++........             k - amulet of regeneration
HPRegen  0.60/turn              (no ring)
MPRegen  0.10/turn              (no ring)

@: lethally poisoned (-1 -> -8), slowed, very slow
A: breathe frost, unfitting armour, cold resistance 1, cold-blooded, AC +6
a: Breathe Frost, Renounce Religion


You were on level 4 of the Dungeon.
You worshipped Xom.
You were a very special plaything of Xom.
You were not hungry.

You visited 1 branch of the dungeon, and saw 4 of its levels.
You also visited: Sewer.

You collected 136 gold pieces.

Inventory:

Hand Weapons
 a - a +0 mace of chaos
 n - a +0 war axe
 o - a +0 morningstar (weapon)
 p - a +0 blowgun
Armour
 h - a +2 pair of boots (worn)
Jewellery
 k - an amulet of regeneration (around neck)
Wands
 f - a wand of digging (7)
Scrolls
 c - 3 scrolls of teleportation
 e - 2 scrolls of immolation
 g - a scroll of remove curse
 q - 2 scrolls of fear
Potions
 i - a potion of invisibility {unknown}
 j - a potion of agility
 l - 2 potions of haste {unknown}
 m - a potion of curing
 s - a potion of might
Comestibles
 b - 10 rations


   Skills:
 + Level 5.2 Fighting
 + Level 4.8 Maces & Flails
 * Level 5.3 Dodging
 - Level 2.0 Stealth


You had 6 spell levels left.
You didn't know any spells.
Your spell library contained the following spells:

 Spells                   Type           Power        Failure   Level  Hunger
 Confusing Touch          Hex            #.....       32%         1    ##.....
 Confuse                  Hex            #.......     69%         3    ####...
 Gell's Gravitas          Tloc           #.........   69%         3    ####...
 Petrify                  Tmut/Erth      #.......     97%         4    #####..
 Metabolic Englaciation   Hex/Ice        #.........   100%        5    ######.
 Yara's Violent Unravell  Hex/Tmut       #.........   100%        5    ######.


Dungeon Overview and Level Annotations

Branches:
Dungeon (4/15)
 Temple: D:4-7

Altars:
Kikubaaqudgha
Vehumet
Xom
Zin

Shops:
D:4 (

Annotations:
D:4 Edmund


Innate Abilities, Weirdness & Mutations

You can breathe waves of freezing cold.
You can buffet flying creatures when you breathe cold.
Your icy white scales are hard. (AC +6)
You cannot fit into any form of body armour.
Your flesh is cold resistant. (rC+)
You are cold-blooded and may be slowed by cold attacks.


Message History

You sock the death drake! You tail-slap the death drake.
The death drake is severely wounded.
You are engulfed in dark miasma.
You are more poisoned.
You feel very sick.
The death drake changes into a guardian serpent!
You miss the guardian serpent.
The guardian serpent is heavily wounded.
You are engulfed in dark miasma.
You are lethally poisoned!
You feel yourself slow down.
You feel very sick.
The guardian serpent is engulfed in dark miasma.
The guardian serpent hits you!
* * * LOW HITPOINT WARNING * * *
The guardian serpent is engulfed in dark miasma.
The guardian serpent closely misses you.
You feel better.
You are engulfed in dark miasma.
You are poisoned.
You feel your flesh rotting away!
You die...
Xom cackles wildly!

###.##.....#.......
#.##.....#.......
#........########
######......#
#############......#
...................#
......"............#
...................#
.......@.....#+#####
......S#'###+#.#
.......#.......# ##
.......###.....# ..
....... #.....##.#
.......###........#
...............####
..............[##<#
..............[).#


You could see a guardian serpent shaped shifter.

Vanquished Creatures
  Grinder (D:4)
  4 crimson imps (D:3)
  An orc priest (D:4)
  A hound (D:4)
  2 orc wizards (D:3)
  An iguana (D:2)
  2 worker ants (D:4)
  4 adders
  An adder skeleton (D:4)
  3 worms
  4 dart slugs
  A leopard gecko (D:1)
  5 orcs
  3 giant cockroaches (D:2)
  5 goblins
  3 hobgoblins
  12 jackals
  12 kobolds
  10 ball pythons
  7 bats
  6 frilled lizards
  12 rats
  2 plants (Sewer)
102 creatures vanquished.

Vanquished Creatures (others)
  A human (D:2)
1 creature vanquished.

Grand Total: 103 creatures vanquished

Notes
Turn   | Place    | Note
-------+----------+-------------------------------------------
     0 | D:1      | 1994 the Draconian Chaos Knight began the quest for the
                  | Orb.
     0 | D:1      | Reached XP level 1. HP: 19/19 MP: 1/1
    38 | D:1      | XOM: potion effect (agility)
   247 | D:1      | Reached XP level 2. HP: 26/26 MP: 2/2
   495 | D:1      | XOM: god gift: pair of boots {god gift}
   787 | D:2      | XOM: stealth player
   859 | D:2      | Reached skill level 1 in Stealth
   859 | D:2      | Reached XP level 3. HP: 31/31 MP: 3/3
  1332 | D:2      | Reached XP level 4. HP: 30/40 MP: 4/4
  1440 | D:2      | Found a radiant altar of Vehumet.
  1618 | D:2      | Found an ancient bone altar of Kikubaaqudgha.
  1620 | D:2      | Noticed a human
  1622 | D:2      | Killed a human
  1712 | D:3      | XOM: medium Chrm miscast
  1715 | D:3      | Found a glowing drain.
  1741 | Sewer    | XOM: noise
  1741 | Sewer    | Entered a sewer
  1928 | Sewer    | XOM: confusion (+ monsters)
  2414 | D:3      | XOM: medium Erth miscast
  2439 | D:3      | Found a shimmering altar of Xom.
  2440 | D:3      | XOM: cast spell 'Dispersal'
  2446 | D:3      | Reached XP level 5. HP: 46/46 MP: 5/5
  2467 | D:3      | Reached XP level 6. HP: 35/53 MP: 3/6
  2728 | D:3      | Noticed an angel
  2729 | D:3      | Found a shimmering altar of Xom.
  2729 | D:3      | Found a glowing silver altar of Zin.
  2937 | D:3      | XOM: god gift: book of Misfortune
  3047 | D:3      | XOM: god gift: spear {god gift}
  3218 | D:4      | Noticed a shapeshifter
  3218 | D:4      | a scorpion changed into a shapeshifter
  3218 | D:4      | XOM: polymorph scorpion -> shapeshifter
  3218 | D:4      | Noticed a meliai
  3218 | D:4      | a shapeshifter changed into a meliai
  3318 | D:4      | Noticed Edmund
  3335 | D:4      | XOM: mild Tloc miscast
  3362 | D:4      | XOM: 1-stop teleportation journey
  3363 | D:4      | Noticed Grinder
  3369 | D:4      | Killed Grinder
  3369 | D:4      | Reached skill level 5 in Fighting
  3369 | D:4      | Reached skill level 5 in Dodging
  3369 | D:4      | Your scales start taking on an icy white colour.
  3369 | D:4      | Reached XP level 7. HP: 51/61 MP: 7/7
  3369 | D:4      | Gained mutation: Your flesh is cold resistant. (rC+) [White
                  | Draconian growth]
  3376 | D:4      | Found Qinnomom's Weapon Shoppe.
  3396 | D:4      | Noticed a death drake
  3408 | D:4      | XOM: harmless Pois miscast
  3409 | D:4      | Noticed a guardian serpent
  3409 | D:4      | a death drake changed into a guardian serpent
  3411 | D:4      | Engulfed by a guardian serpent (shapeshifter)'s foul
                  | pestilence

Skill      XL: |  1  2  3  4  5  6 |
---------------+-------------------+-----
Stealth        | 1 2 |  2.0
Dodging        | 3 4 5 |  5.3
Fighting       | 4 5 |  5.2
Maces & Flails | 4 |  4.8

Action                   |  1- 3 |  4- 6 |  7- 9 || total
-------------------------+-------+-------+-------++-------
Melee: Mace              |    47 |     5 |       ||    52
       Tailslap          |     6 |    29 |     3 ||    38
       Morningstar       |    50 |   233 |    10 ||   293
  Use: Scroll            |       |    10 |       ||    10
       Potion            |       |     2 |     1 ||     3
 Stab: Paralysed         |     1 |       |       ||     1
       Sleeping          |     9 |     2 |       ||    11
       Invisible         |       |     2 |       ||     2
  Eat: Chunk             |     1 |     8 |       ||     9
Armor: Skin              |    17 |    77 |       ||    94
Dodge: Dodged            |    69 |   179 |     9 ||   257
